 Dungeon Crawl Stone Soup version 0.16-a0-328-gfd822c7 (webtiles) character file.

546 Ratboiler the Insei (level 7, 0/43 HPs)
             Began as an Octopode Transmuter on Sept 6, 2014.
             Was an Initiate of Gozag.
             Shot with an arrow by a centaur (9 damage)
             ... on Level 5 of the Dungeon.
             The game lasted 00:21:30 (6263 turns).

Ratboiler the Insei (Octopode Transmuter)           Turns: 6263, Time: 00:21:31

HP   0/43        AC  1     Str 10      XL: 7   Next: 28%
MP   8/12        EV 12     Int 15      God: Gozag
Gold 155         SH  0     Dex 14      Spells:  3 memorised,  4 levels left

rFire  . . .     SeeInvis +     b - 38 arrows
rCold  . . .     Clarity  .     (no shield)
rNeg   . . .     rCorr    .     (helmet restricted)
rPois  .         rRot     .     (no amulet)
rElec  .         Spirit   .     t - ring of see invisible
SustAb .         Warding  .     (no ring)
rMut   .         Stasis   .     (no ring)
Gourm  .                        (no ring)
MR     .....                    (no ring)
                                (no ring)
                                (no ring)
                                (no ring)

@: not resistant to hostile enchantments, unstealthy
A: almost no armour, amphibious, 8 rings, constrict 8, camouflage 1, gelatinous
body 1
a: Potion Petition, Call Merchant, Bribe Branch, Renounce Religion


You were on level 5 of the Dungeon.
You worshipped Gozag.
Gozag was noncommittal.
You were not hungry.

You visited 2 branches of the dungeon, and saw 6 of its levels.

You collected 269 gold pieces.
You paid 114 gold pieces to Gozag.

Inventory:

Missiles
 b - 38 arrows (in tentacle)
 s - 7 arrows of flame
 x - 15 stones (quivered)
Magical devices
 l - a wand of confusion (4)
Comestibles
 a - 4 bread rations
 q - 5 fruits
 w - 2 meat rations
Scrolls
 e - 7 scrolls of remove curse {unknown}
 f - 2 scrolls of amnesia {unknown}
 g - a scroll of fog {unknown}
 h - 3 scrolls of teleportation {unknown}
 i - 3 scrolls of enchant weapon {unknown}
 j - 7 scrolls of identify {unknown}
 m - a scroll of recharging {unknown}
 p - a scroll of fear {unknown}
 y - a scroll of blinking {unknown}
Jewellery
 t - a ring of see invisible (left tentacle)
Potions
 c - a potion of agility {unknown}
 k - 2 potions of curing {unknown}
 n - a potion of might {unknown}
 o - a potion of brilliance {unknown}
 r - a potion of confusion {unknown}
 u - a potion of berserk rage {unknown}
 v - a potion of lignification {unknown}
 A - a potion of mutation {unknown}
Books
 d - a book of Changes

   Spells                             Type                      Level
   *Beastly Appendage                 Transmutation                1
   *Sticks to Snakes                  Transmutation                2
   *Spider Form                       Transmutation/Poison         3
   Ice Form                           Ice/Transmutation            4
   Blade Hands                        Transmutation                5


   Skills:
 - Level 1.0 Fighting
 - Level 2.0 Dodging
 + Level 6.1 Unarmed Combat
 - Level 2.0 Spellcasting
 + Level 5.6 Transmutations


You had 4 spell levels left.
You knew the following spells:

 Your Spells              Type           Power        Failure   Level  Hunger
a - Beastly Appendage     Trmt           ###...       1%          1    #......
b - Sticks to Snakes      Trmt           ###.......   3%          2    ###....
c - Spider Form           Trmt/Pois      #.........   24%         3    ####...


Dungeon Overview and Level Annotations

Branches:
Dungeon (5/15)             Temple (1/1) D:4

Altars:
Ashenzari
Dithmenos
Elyvilon
Gozag
Makhleb
Nemelex Xobeh
Okawaru
Qazlal
Sif Muna
Trog
Vehumet
Yredelemnul
Zin

Shops:
D:4 (

Annotations:
D:4 casual's ghost, average HuMo


Innate Abilities, Weirdness & Mutations

You cannot wear most types of armour.
You are amphibious.
You can wear up to eight rings at the same time.
You can use your tentacles to constrict many enemies at once.
Your skin changes colour to match your surroundings (Stealth).
Your rubbery body absorbs attacks (AC +1).


Message History

The centaur shoots an arrow.
The arrow completely misses you. The arrow hits your adder.
The centaur shoots an arrow.
The arrow barely misses you. The arrow misses your adder.
You swap places.
The centaur shoots an arrow.
The arrow barely misses your adder. The arrow hits you.
* * * LOW HITPOINT WARNING * * *
You see here an arrow.
Casting: Sticks to Snakes
Confirm with . or Enter, or press ? or * to list all spells.
You create a snake!
The centaur shoots an arrow.
The arrow hits your adder but does no damage.
The centaur shoots an arrow.
The arrow barely misses your adder. The arrow barely misses you.
You see here an arrow.
You swap places.
The centaur shoots an arrow.
The arrow misses your adder.
The arrow barely misses your ball python.
The arrow hits you!
You die...
Your body crumbles into a pile of gold.

...............#c#
#######.#
.#####.#######.#S#
#.#
.#...........#.#(#
#.#
.#.###.#####.#.#(#
#.#
.#.........#.#.#(#
#.#
.#......#.##.#.#.#
#.#
.#.######.##.#.#(#
#.# .#.#
#.##.#.#S# #.#
.#.# #.##.#.#@#
#.# .#.#
#.##.#.#.#
.#.######.##.#.#.#
.#........##.#.#.#
.###########.#.#.#
.............#...#
.#################
.# ##


You could see a centaur, a friendly adder and a friendly ball python.

Vanquished Creatures
  A phantom (D:4)
  A hound (D:3)
  An orc priest (D:4)
  Natasha (twice) (D:3)
  4 worker ants (D:4)
  Ijyb (D:3)
  3 gnolls
  5 adders
  2 giant mites
  4 worms
  7 giant geckos
  6 orcs
  13 hobgoblins
  11 jackals
  8 kobolds
  2 quokkas (D:4)
  2 ball pythons
  8 bats
  3 giant cockroaches
  5 giant newts
  21 goblins
  18 rats
128 creatures vanquished.

Vanquished Creatures (collateral kills)
  4 gnolls
  2 goblins (D:3)
  A bat (D:3)
7 creatures vanquished.

Vanquished Creatures (others)
  2 butterflies (D:4)
2 creatures vanquished.

Grand Total: 137 creatures vanquished

Notes
Turn   | Place    | Note
--------------------------------------------------------------
     0 | D:1      | Ratboiler, the Octopode Transmuter, began the quest for the Orb.
     0 | D:1      | Reached XP level 1. HP: 13/13 MP: 3/3
   234 | D:1      | Reached XP level 2. HP: 12/18 MP: 2/4
   334 | D:1      | Learned a level 2 spell: Sticks to Snakes
   797 | D:1      | Reached XP level 3. HP: 17/23 MP: 6/6
  1581 | D:2      | Learned a level 3 spell: Spider Form
  1596 | D:2      | Found an iron altar of Okawaru.
  1856 | D:2      | Reached XP level 4. HP: 28/28 MP: 7/7
  1905 | D:2      | Reached skill level 4 in Unarmed Combat
  2845 | D:2      | Reached XP level 5. HP: 33/33 MP: 5/9
  3707 | D:3      | Found a white marble altar of Elyvilon.
  3763 | D:3      | Noticed Natasha
  3772 | D:3      | Killed Natasha
  4018 | D:3      | Reached skill level 5 in Unarmed Combat
  4018 | D:3      | Reached XP level 6. HP: 32/38 MP: 10/10
  4075 | D:3      | Noticed Natasha
  4085 | D:3      | Killed Natasha
  4202 | D:3      | Noticed Ijyb
  4233 | D:3      | Killed Ijyb
  4417 | D:4      | Reached skill level 5 in Transmutations
  4507 | D:4      | Noticed casual's ghost (average HuMo)
  4874 | D:4      | Reached XP level 7. HP: 39/43 MP: 8/12
  4910 | D:4      | Found a radiant altar of Vehumet.
  5413 | D:4      | Found Iwathram's Antique Weapon Shoppe.
  5431 | D:4      | Reached skill level 6 in Unarmed Combat
  5914 | D:4      | Found a staircase to the Ecumenical Temple.
  5924 | Temple   | Entered the Ecumenical Temple
  5933 | Temple   | Became a worshipper of Gozag Ym Sagoz the Greedy
  5975 | D:5      | Entered Level 5 of the Dungeon
  6175 | D:5      | Found a glowing silver altar of Zin.
  6202 | D:5      | Found a sparkling altar of Nemelex Xobeh.
  6263 | D:5      | Shot with an arrow by a centaur

Action                   |  1- 3 |  4- 6 |  7- 9 || total
-------------------------+-------+-------+-------++-------
Melee: Unarmed           |   121 |   162 |    33 ||   316
 Cast: Beastly Appendage |    13 |     9 |     1 ||    23
       Sticks to Snakes  |       |    12 |     2 ||    14
       Spider Form       |       |    11 |     5 ||    16
Evoke: Wand              |       |     1 |       ||     1
 Stab: Sleeping          |     2 |     3 |       ||     5
       Distracted        |       |     2 |       ||     2
  Eat: Chunk             |     3 |     8 |     4 ||    15
       Bread ration      |       |     1 |       ||     1
       Fruit             |       |       |     2 ||     2
